 Dungeon Crawl Stone Soup version 0.21.1-1-g345015f (webtiles) character file.

114 Goblin1989 the Cutter (level 4, -5/33 HPs)
             Began as a Demonspawn Warper on Mar 7, 2018.
             Was an Initiate of Ashenzari.
             Slain by Sigmund
             ... wielding a cursed +0 scythe
              (11 damage)
             ... on level 2 of the Dungeon.
             The game lasted 00:03:15 (1901 turns).

Goblin1989 the Cutter (Demonspawn Warper)           Turns: 1901, Time: 00:03:16

Health: -5/33      AC:  4    Str: 11    XL:     4   Next: 66%
Magic:  7/7        EV: 12    Int: 15    God:    Ashenzari [......]
Gold:   85         SH:  4    Dex: 13    Spells: 7/7 levels left

rFire    . . .     SeeInvis .   a - +0 short sword
rCold    + . .     Gourm    .   (no shield)
rNeg     . . .     Faith    .   C - +2 robe {rC+}
rPois    .         Spirit   .   (no helmet)
rElec    .         Reflect  .   (no cloak)
rCorr    .         Harm     .   (no gloves)
MR       .....                  (no boots)
Stlth    +.........             (no amulet)
HPRegen  0.11/turn              (no ring)
MPRegen  0.10/turn              (no ring)

@: slowed, very slow
A: large bone plates 1, spiny 1
a: Curse Item, Renounce Religion


You were on level 2 of the Dungeon.
You worshipped Ashenzari.
Ashenzari was noncommittal.
You were not hungry.

You visited 1 branch of the dungeon, and saw 2 of its levels.

You collected 85 gold pieces.

Inventory:

Hand Weapons
 a - a +0 short sword (weapon)
Missiles
 f - 5 tomahawks of dispersal (quivered)
 L - 52 stones {@Q3}
Armour
 b - a +0 leather armour
 C - a +2 robe of cold resistance (worn)
 M - a +0 helmet
Scrolls
 B - a scroll of blinking
 D - 4 scrolls of identify {unknown}
 E - 2 scrolls of enchant weapon {unknown}
 H - a scroll of random uselessness {unknown}
 N - a scroll of enchant armour {unknown}
Potions
 G - a potion of agility {unknown}
 K - 2 potions of curing {unknown}
 O - a potion of mutation {unknown}
 Q - 2 potions of degeneration {unknown}
Books
 c - a book of Spatial Translocations

   Spells                             Type                      Level
   a - Blink                          Translocation                2
   b - Shroud of Golubria             Charms/Translocation         2
   c - Lesser Beckoning               Translocation                3
   d - Gell's Gravitas                Translocation                3
   e - Teleport Other                 Translocation                3
   f - Passage of Golubria            Translocation                4
Comestibles
 e - 4 rations
 P - a chunk of flesh


   Skills:
 - Level 2.0 Fighting
 + Level 4.5 Short Blades
 - Level 0.8 Throwing
 - Level 0.8 Armour
 - Level 1.7 Dodging
 - Level 2.0 Spellcasting
   Level 2.6 Translocations


You had 7 spell levels left.
You didn't know any spells.

Dungeon Overview and Level Annotations

Branches:
Dungeon (2/15)

Altars:
Ashenzari

Annotations:
D:2 Sigmund


Innate Abilities, Weirdness & Mutations

You are partially covered in large bone plates. (SH +4)
You are partially covered in sharp spines.


Message History

You butcher the rat corpse.
P - a chunk of flesh Health restored: 33
L - 52 stones {@Q3} (gained 2)
Things that are here:
an uncursed club; a kobold corpse
Q - 2 red potions A bat comes into view.
A bat is nearby!
A bat is nearby!
No target in view!
No target in view!
No target in view!
No target in view!
No target in view!
No target in view!
No target in view!
No target in view!
No target in view!
No target in view!
No target in view!
No target in view!
No target in view!
No target in view!
No target in view!
No target in view!
No target in view!
No target in view!
No target in view!
No target in view!
No target in view!
No target in view!
A bat is nearby!
You hit the bat.
The bat is heavily wounded.
The bat is struck by your spines.
You kill the bat!
No target in view!
No target in view!
No target in view!
No target in view!
No target in view!
No target in view!
No target in view!
No target in view!
No target in view!
No target in view!
No target in view!
No target in view!
No target in view!
No target in view!
No target in view!
No target in view!
e - 4 rations (gained 1) Marking area around Natasha as unsafe for travelling.
Natasha, Servant of Life and Death comes into view.
A frilled lizard comes into view.
Natasha hisses angrily.
The frilled lizard hisses angrily.
Natasha drinks a potion.
Natasha flickers and vanishes!
Deactivating autopickup; reactivate with Ctrl-A.
You barely miss something.
You hear some strange, mumbled words.
You feel yourself slow down.
You closely miss something. Something claws you.
You barely miss the frilled lizard.
The frilled lizard is struck by your spines.
You kill the frilled lizard!
You hear some strange, mumbled words.
A magic dart appears from out of thin air!
The magic dart hits you! Something claws you.
You take 15 damage, and have 18/33 hp.
MASSIVE DAMAGE!!
Marking area around Sigmund as unsafe for travelling.
Sigmund the Dreaded comes into view.
He is wielding a scythe.
Sigmund shouts!
Sigmund casts a spell.
Sigmund flickers and vanishes!
Something claws you!
* * * LOW HITPOINT WARNING * * *
You take 9 damage, and have 9/33 hp.
MASSIVE DAMAGE!!
You hear some strange, mumbled words.
You hit something.
You hear some strange, mumbled words.
You feel as though you will be slow longer.
You miss something. Something claws you.
* * * LOW HITPOINT WARNING * * *
Something claws you.
* * * LOW HITPOINT WARNING * * *
You take 4 damage, and have 5/33 hp.
You miss something. Something claws you but does no damage.
The iron imp closely misses you.
You hit something. Something claws you but does no damage.
The iron imp shouts, "Give up, thou tottering fat-kidneyed tiler!"
The iron imp is struck by your spines. The iron imp barely misses you.
You closely miss something.
Reactivating autopickup.
The iron imp disappears in a puff of smoke!
You feel a bit more experienced.
You hit the plant.
The plant is lightly damaged.
Something hits you!
You die...

██ .. █♣♣♣ ♣♣█ ██ ♣ P♣ .
..P.♣ ...███.♣P . P .
█P..♣♣♣.♣......♣♣♣♣P♣.♣█
███.♣.♣..♣........♣.♣.PP.█
██.♣.♣..♣♣.♣..♣......♣.P.
♣█.♣P....... ♣P...P...♣.█.
♣.♣.♣..P♣.♣ ♣P.@...P.P...
.♣♣♣..♣P♣§♣♣.P♣♣.P.....PP.
♣.♣P♣..♣.♣.. ♣♣.......P.█.
♣....§P♣§♣ ♣♣..♣.?....P█
♣♣♣....♣P♣§♣♣..PP.███..PP.
P.....♣.♣♣♣P.♣P♣..█ .P.P.
♣♣.....♣♣.P♣♣.♣P..█▲█...P.
P........♣§PP..........P..
♣.███...♣.PP.........P..█.


There were no monsters in sight!

Vanquished Creatures
  Natasha (D:2)
  Robin (D:2)
  A gnoll (D:2)
  An adder (D:2)
  An ooze (D:1)
  2 dart slugs (D:1)
  2 leopard geckos (D:1)
  5 bats
  2 giant cockroaches (D:1)
  13 goblins
  7 hobgoblins
  A quokka (D:2)
  3 frilled lizards
  4 kobolds
  5 rats
49 creatures vanquished.

Notes
Turn   | Place    | Note
-------+----------+-------------------------------------------
     0 | D:1      | Goblin1989 the Demonspawn Warper began the quest for the Orb.
     0 | D:1      | Reached XP level 1. HP: 16/16 MP: 3/3
    36 | D:1      | Reached skill level 2 in Short Blades
    82 | D:1      | Gained mutation: You are partially covered in sharp spines. [demonic ancestry]
    82 | D:1      | Reached XP level 2. HP: 15/22 MP: 5/5
   343 | D:1      | Reached skill level 3 in Short Blades
   583 | D:1      | Found a shattered altar of Ashenzari.
   745 | D:1      | Gained mutation: You are partially covered in large bone plates. (SH +4) [demonic ancestry]
   745 | D:1      | Reached XP level 3. HP: 27/27 MP: 6/6
   796 | D:1      | Became a worshipper of Ashenzari the Shackled
  1325 | D:2      | Noticed Robin
  1392 | D:2      | Killed Robin
  1764 | D:2      | Reached skill level 4 in Short Blades
  1764 | D:2      | Reached XP level 4. HP: 33/33 MP: 7/7
  1885 | D:2      | Noticed Natasha
  1892 | D:2      | Noticed Sigmund
  1898 | D:2      | Killed Natasha
  1901 | D:2      | Slain by Sigmund

Skill      XL: |  1  2  3 |
---------------+----------+-----
Short Blades   | 2 3 4 |  4.5
Fighting       | |  2.0
Throwing       | |  0.8
Armour         | |  0.8
Dodging        | |  1.7
Spellcasting   | |  2.0
Translocations | |  2.6

Action                   |  1- 3 |  4- 6 || total
-------------------------+-------+-------++-------
Melee: Short sword       |   101 |    24 ||   125
 Stab: Sleeping          |     1 |       ||     1
  Eat: Chunk             |     2 |     1 ||     3
Armor: Robe              |    16 |     2 ||    18
Dodge: Dodged            |    66 |     7 ||    73
Block: Other             |     8 |     2 ||    10

Vault maps used:
D:1:      dpeg_arrival_three_smaller_balls, st_stairs_5,
          nicolae_ashenzari_panopticon
D:2:      wad_woods_settlement, yredelemnul_forgotten_temple_becter,
          first_ration, minmay_misc_feat_x, uniq_robin, uniq_natasha,
          uniq_sigmund
